 Dungeon Crawl Stone Soup version 0.20.1-1-g8b1a95d66d (webtiles) character file.

37 NullDivider the Charlatan (level 3, -6/23 HPs)
             Began as an Octopode Artificer on Nov 22, 2017.
             Killed from afar by Sigmund (8 damage)
             ... with a magic dart
             ... on level 2 of the Dungeon.
             The game lasted 00:10:28 (2518 turns).

NullDivider the Charlatan (Octopode Artificer)      Turns: 2518, Time: 00:10:28

Health: -6/23      AC:  1    Str: 11    XL:     3   Next: 39%
Magic:  5/5        EV: 12    Int: 13    God:
Gold:   87         SH:  0    Dex: 13    Spells: 2/2 levels left

rFire    . . .     SeeInvis .   l - +0 short sword
rCold    . . .     Gourm    .   (no shield)
rNeg     . . .     Faith    .   (helmet restricted)
rPois    .         Spirit   .   (no amulet)
rElec    .         Reflect  .   (no ring)
rCorr    .         Harm     .   (no ring)
MR       .....                  (no ring)
Stlth    ++........             (no ring)
Regen    0.1/turn               (no ring)
MPRegen  0.1/turn               (no ring)
                                (no ring)
                                (no ring)

@: heavily drained
A: almost no armour, stealthy swim, amphibious, 8 rings, constrict 8, camouflage
1, gelatinous body 1
a: no special abilities


You were on level 2 of the Dungeon.
You were not hungry.

You visited 1 branch of the dungeon, and saw 2 of its levels.

You collected 87 gold pieces.

Inventory:

Hand Weapons
 l - a +0 short sword (weapon)
Armour
 j - a +0 shield
Jewellery
 o - an uncursed amulet of harm
Wands
 b - a wand of flame (15/48)
 c - a wand of enslavement (4/24)
 d - a wand of random effects (15/48)
Scrolls
 e - a scroll of random uselessness {unknown}
 i - 2 scrolls of remove curse {unknown}
 m - a scroll of noise {unknown}
 n - a scroll of blinking {unknown}
 p - 2 scrolls of teleportation {unknown}
Potions
 a - a potion of invisibility {unknown}
 k - a potion of might {unknown}
 q - 2 potions of heal wounds {unknown}
Comestibles
 f - a bread ration
 g - a meat ration
 h - a royal jelly


   Skills:
 + Level 1.4(0.0) Fighting
 + Level 1.5(0.0) Short Blades
 + Level 2.4(0.7) Dodging
 + Level 2.2(0.6) Stealth
 + Level 3.8(2.1) Evocations


You had 2 spell levels left.
You didn't know any spells.

Dungeon Overview and Level Annotations

Branches:
Dungeon (2/15)

Altars:
Ashenzari

Annotations:
D:2 Sigmund


Innate Abilities, Weirdness & Mutations

You cannot wear most types of armour.
You are very stealthy in the water. (Stealth+)
You are amphibious.
You can wear up to eight rings at the same time.
You can use your tentacles to constrict eight enemies at once.
Your skin changes colour to match your surroundings (Stealth+).
Your rubbery body absorbs attacks. (AC +1, EV +1)


Message History

You bump into the rock wall.
Sigmund hits you with a scythe.
* * * LOW HITPOINT WARNING * * *
You bump into the rock wall.
Sigmund closely misses you.
You feel less confused. Sigmund misses you.
Evoke which item? (* to show all) (? for menu, Esc to quit)
Aiming: Enslavement
Press: ? - help, Shift-Dir - straight line, f/p - Sigmund
Aim: Sigmund, wielding a scythe and wearing a robe (heavily wounded, chance to defeat MR: 61%) Sigmund resists with significant effort.
This wand has 5 charges left.
Evoke which item? (* to show all) (? for menu, Esc to quit)
Aiming: Enslavement
Press: ? - help, Shift-Dir - straight line, f/p - Sigmund
Aim: Sigmund, wielding a scythe and wearing a robe (heavily wounded, chance to defeat MR: 61%) Sigmund resists with significant effort.
This wand has 4 charges left.
Sigmund casts a spell at you. The magic dart hits you!
You die...

.#######.......# #.#
.#.............###.#######
................(........#
##.##..........####.####.#
#.##.##....##.# #.####.####
#.##.##....##.# #..........
#.......##.##.####รท####.####
####.##.##.##.#..@....#
#(.........#@##.....(#
###...######.##.##.### #...
#.##.. ... #.. #.....# ###
.... #%###.# .... ..# .. ....
#># .# ##.


You could see Sigmund.

Vanquished Creatures
  An ooze (D:1)
  A bat (D:1)
  3 goblins (D:1)
  4 hobgoblins (D:1)
  4 jackals (D:1)
  8 kobolds (D:1)
  2 ball pythons (D:1)
  2 frilled lizards (D:1)
  5 rats (D:1)
30 creatures vanquished.

Vanquished Creatures (collateral kills)
  A bat (D:2)
1 creature vanquished.

Grand Total: 31 creatures vanquished

Notes
Turn   | Place    | Note
-------+----------+-------------------------------------------
     0 | D:1      | NullDivider the Octopode Artificer began the quest for the Orb.
     0 | D:1      | Reached XP level 1. HP: 13/13 MP: 3/3
   519 | D:1      | Reached XP level 2. HP: 16/18 MP: 4/4
   571 | D:1      | Found a shattered altar of Ashenzari.
  1734 | D:1      | Reached XP level 3. HP: 16/23 MP: 5/5
  2424 | D:2      | Noticed Sigmund
  2518 | D:2      | Killed from afar by Sigmund

Skill      XL: |  1  2 |
---------------+-------+-----
Stealth        | 2 |  2.2
Fighting       | |  1.4
Short Blades   | |  1.5
Dodging        | |  2.4
Evocations     | |  3.8

Action                   || total
-------------------------++-------
Melee: Short sword       ||    89
       Constrict         ||    22
       Tentacles         ||    11
Evoke: Wand              ||    11
 Stab: Sleeping          ||     3
  Eat: Chunk             ||     5
Armor: Skin              ||     6
Dodge: Dodged            ||    71
